 Dungeon Crawl Stone Soup version 0.21-a0-513-gdcb3f5e (webtiles) character file.

13951 Zenonira the Basher (level 12, -5/109 HPs)
             Began as a Naga Skald on Dec 1, 2017.
             Was a High Priest of Cheibriados.
             Slain by a minotaur
             ... wielding an uncursed staff of summoning
              (28 damage)
             ... in a labyrinth.
             The game lasted 00:40:05 (11170 turns).

Zenonira the Basher (Naga Skald)                   Turns: 11170, Time: 00:40:05

Health: -5/109     AC: 10    Str: 27    XL:     12   Next: 11%
Magic:  20/20      EV: 10    Int: 27    God:    Cheibriados [*****.]
Gold:   404        SH:  0    Dex: 26    Spells: 14/15 levels left

rFire    . . .     SeeInvis +   w - +8 mace of Dismemberment {elec, +Rage rC+ Dex-2 Stlth+}
rCold    + . .     Gourm    .   (no shield)
rNeg     . . .     Faith    .   b - +1 leather armour
rPois    +         Spirit   .   (no helmet)
rElec    .         Reflect  .   (no cloak)
rCorr    .         Harm     .   H - +0 pair of gloves
MR       +....                  (no barding)
Stlth    +++++.....             m - amulet of regeneration
HPRegen  0.68/turn              f - ring of wizardry
MPRegen  0.17/turn              s - +3 ring of protection

@: very slow
A: large, see invisible, deformed body, poison resistance, slowness 2, slow
metabolism 1, spit poison 1, AC +4
a: Spit Poison, Bend Time, Temporal Distortion, Slouch, Step From Time, Renounce
Religion, Evoke Berserk Rage


You were in a labyrinth.
You worshipped Cheibriados.
Cheibriados was extremely pleased with you.
You were not hungry.

You visited 2 branches of the dungeon, and saw 12 of its levels.
You also visited: Labyrinth.

You collected 404 gold pieces.

Inventory:

Hand Weapons
 a - a +0 mace
 r - a +2 flail of crushing
 w - the +8 mace of Dismemberment (weapon) {elec, +Rage rC+ Dex-2 Stlth+}
   (You found it on level 5 of the Dungeon)

   Occasionally, upon striking a foe, it will discharge some electrical energy
   and cause terrible harm.
   It affects your dexterity (-2).
   It protects you from cold.
   It lets you go berserk.
   It makes you more stealthy.
 L - a +0 dire flail
 P - a +0 morningstar
 Q - a +4 flail
Missiles
 j - a javelin of returning (quivered)
Armour
 b - a +1 leather armour (worn)
 H - a +0 pair of gloves (worn)
Jewellery
 d - an uncursed ring of fire
 f - a ring of wizardry (left hand)
 m - an amulet of regeneration (around neck)
 s - a +3 ring of protection (right hand)
 v - an uncursed ring of positive energy
 F - a +4 amulet of reflection
Wands
 o - a wand of flame (80)
 y - a wand of acid (16)
 J - a wand of scattershot (1)
 K - a wand of paralysis (11)
Scrolls
 i - 4 scrolls of teleportation
 k - 2 scrolls of magic mapping
 p - 4 scrolls of fog
 B - 2 scrolls of remove curse
 G - a scroll of fear
Potions
 l - a potion of might
 t - 2 potions of mutation
 u - a potion of resistance
 x - a potion of magic {unknown}
 z - 2 potions of curing
 A - a potion of invisibility {unknown}
 C - 2 potions of agility
 D - 2 potions of flight
 E - a potion of degeneration {unknown}
 I - a potion of brilliance {unknown}
 N - a potion of lignification {unknown}
Books
 c - a book of Battle

   Spells                             Type                      Level
   a - Infusion                       Charms                       1
   b - Shroud of Golubria             Charms/Translocation         2
   c - Song of Slaying                Charms                       2
   d - Spectral Weapon                Hexes/Charms                 3
   e - Regeneration                   Charms/Necromancy            3
 M - a book of Maledictions

   Spells                             Type                      Level
   a - Corona                         Hexes                        1
   b - Ensorcelled Hibernation        Hexes/Ice                    2
   c - Confuse                        Hexes                        3
   d - Tukima's Dance                 Hexes                        3
   e - Dazzling Spray                 Conjuration/Hexes            3
 O - a Young Poisoner's Handbook

   Spells                             Type                      Level
   a - Sting                          Conjuration/Poison           1
   b - Poisonous Vapours              Poison/Air                   2
   c - Mephitic Cloud                 Conjuration/Poison/Air       3
   d - Olgreb's Toxic Radiance        Poison                       4
   e - Venom Bolt                     Conjuration/Poison           5
Comestibles
 g - 5 meat rations
 h - 14 royal jellies
 n - 6 fruits
 q - 8 bread rations


   Skills:
 + Level 7.5 Fighting
 + Level 13.1 Maces & Flails
 - Level 4.1 Throwing
 - Level 0.7 Armour
 - Level 1.5 Dodging
 - Level 5.8 Stealth
 - Level 2.0 Spellcasting
 - Level 3.0 Charms
 - Level 11.0 Invocations


You had 14 spell levels left.
You knew the following spells:

 Your Spells              Type           Power        Failure   Level  Hunger
a - Infusion              Chrm           ###.         1%          1    None


Dungeon Overview and Level Annotations

Branches:
Dungeon (11/15)            Temple (0/1) D:4            Lair (1/6) D:10
    Orc (0/2) D:9

Altars:
Cheibriados
Makhleb
Okawaru
Qazlal
Ru
Sif Muna
Vehumet
Wu Jian
Xom
Zin

Shops:
D:5 }   D:11 }

Annotations:
D:4 Menkaure
D:6 Thaneod's ghost, novice MiHu
D:7 1 runed door
D:9 Erolcha


Innate Abilities, Weirdness & Mutations

You cannot wear boots.
Your serpentine skin is tough. (AC +4)
You have supernaturally acute eyesight. (SInv)
Armour fits poorly on your strangely shaped body.
Your system is resistant to poisons. (rPois)
You cover ground very slowly.
You have a slow metabolism.
You can spit poison.


Message History

You feel much better.
The minotaur hits you with a staff of summoning.
* * * LOW HITPOINT WARNING * * *
The minotaur gores you but does no damage.
The minotaur hits you with a staff of summoning!
* * * LOW HITPOINT WARNING * * *
The minotaur gores you!
* * * LOW HITPOINT WARNING * * *
You feel much better.
The minotaur hits you with a staff of summoning.
The minotaur gores you!
* * * LOW HITPOINT WARNING * * *
Unknown command.
Evoke which item? (* to show all) (? for menu, Esc to quit)
Aiming: Paralyse
Press: ? - help, Shift-Dir - straight line, f/p - minotaur
Aim: a minotaur, wielding a staff of summoning and wearing an amulet of rage (heavily wounded, berserk, fast, unusually strong, chance to defeat MR: 15%)
The minotaur resists with almost no effort.
The minotaur hits you with a staff of summoning!!
You die...

# ###.# ## #. . .
. . #.. #
#.......#.. # # .
. .. . # . . . .#
.##### #. . . #
.# ... . .# #
....#.###.#.#..#.
## #### ..
#<#.#.#.. .# . .
...#.#H# #.#.. #
# #.#### #@#.#.#
# # # . .#.#...#
. # .
###..#.#####.# #
#....#. ..... .
..#.# #. ## #####
# . . . .... .
.... .† #. .
.#.###.# # .# ##.
### .. ......# .
## #


You could see a minotaur (berserk).

Vanquished Creatures
  4 two-headed ogres
  Nergalle (D:9)
  Pikel (D:7)
  An unseen horror (D:10)
  A deep elf mage (D:11)
  A centaur zombie (D:10)
  Psyche (D:9)
  4 gargoyles (Lab)
  A komodo dragon (D:10)
  Grinder (D:4)
  2 trolls
  A hippogriff (D:9)
  A redback (Lab)
  A shadow (D:11)
  4 hogs (D:8)
  A human (D:8)
  2 hungry ghosts
  2 water moccasins
  A porcupine (Lair:1)
  3 ice beasts
  2 orc warriors
  A necrophage (D:5)
  2 phantoms
  6 centaurs
  2 sky beasts (D:5)
  8 ogres
  A crocodile (D:11)
  2 big kobolds (D:10)
  7 bullfrogs
  A wyvern zombie (D:11)
  A water moccasin zombie (D:10)
  A wyvern skeleton (D:6)
  3 scorpions
  6 killer bees
  4 jellies
  6 crimson imps
  12 howler monkeys
  5 hounds
  5 orc priests
  3 iguanas
  6 orc wizards
  2 centaur skeletons
  Terence (D:2)
  4 worker ants
  A hound skeleton (D:7)
  Robin (D:2)
  11 adders
  A shadow imp (D:11)
  2 oozes
  2 adder zombies (D:5)
  An adder skeleton (D:9)
  5 worms
  4 dart slugs
  7 leopard geckos
  16 orcs
  10 bats
  5 giant cockroaches
  16 goblins
  9 hobgoblins
  17 jackals
  7 quokkas
  2 ball pythons (D:1)
  6 frilled lizards
  21 kobolds
  3 quokka skeletons
  A quokka zombie (D:4)
  10 rats
283 creatures vanquished.

Vanquished Creatures (others)
  4 orcs (D:7)
  A plant (D:10)
5 creatures vanquished.

Grand Total: 288 creatures vanquished

Notes
Turn   | Place    | Note
-------+----------+-------------------------------------------
     0 | D:1      | Zenonira the Naga Skald began the quest for the Orb.
     0 | D:1      | Reached XP level 1. HP: 19/19 MP: 3/3
   198 | D:1      | Reached XP level 2. HP: 26/26 MP: 5/5
   281 | D:1      | Reached skill level 3 in Maces & Flails
   699 | D:1      | Reached XP level 3. HP: 23/32 MP: 6/6
   853 | D:1      | Reached skill level 1 in Stealth
  1025 | D:2      | Noticed Terence
  1277 | D:2      | Reached skill level 1 in Throwing
  1461 | D:2      | Reached XP level 4. HP: 30/39 MP: 7/7
  1536 | D:2      | Found an iron altar of Okawaru.
  1607 | D:2      | Noticed Robin
  1901 | D:2      | Found a burning altar of Makhleb.
  1904 | D:2      | Found a radiant altar of Vehumet.
  2106 | D:2      | Killed Robin
  2240 | D:2      | Killed Terence
  2240 | D:2      | Reached skill level 4 in Maces & Flails
  2240 | D:2      | Reached XP level 5. HP: 14/45 MP: 6/8
  2664 | D:3      | Found a shimmering altar of Xom.
  2695 | D:3      | Reached XP level 6. HP: 50/52 MP: 9/9
  2859 | D:3      | Found an ornate altar of the Wu Jian Council.
  3151 | D:4      | Found a snail-covered altar of Cheibriados.
  3155 | D:4      | Became a worshipper of Cheibriados the Contemplative
  3237 | D:4      | Found a staircase to the Ecumenical Temple.
  3258 | D:4      | Noticed Grinder
  3275 | D:4      | Killed Grinder
  3275 | D:4      | Reached skill level 5 in Maces & Flails
  3275 | D:4      | Reached skill level 5 in Stealth
  3275 | D:4      | Reached XP level 7. HP: 54/60 MP: 10/10
  3491 | D:4      | Found a glowing silver altar of Zin.
  3560 | D:4      | Reached skill level 1 in Invocations
  3872 | D:4      | Noticed Menkaure
  3971 | D:5      | Entered Level 5 of the Dungeon
  4020 | D:5      | Found a stormy altar of Qazlal.
  4118 | D:5      | Got a crude mace
  4119 | D:5      | Identified the +8 mace of Dismemberment {elec, +Rage rC+ Dex-2 Stlth+} (You found it on level 5 of the Dungeon)
  4271 | D:5      | Reached XP level 8. HP: 58/67 MP: 11/11
  4313 | D:5      | Reached skill level 6 in Maces & Flails
  4331 | D:5      | Reached * piety under Cheibriados
  4457 | D:5      | Found Kadeos's Gadget Emporium.
  4592 | D:5      | Reached skill level 7 in Maces & Flails
  4735 | D:5      | Reached skill level 5 in Invocations
  4917 | D:6      | Reached XP level 9. HP: 65/73 MP: 13/13
  5253 | D:6      | Reached ** piety under Cheibriados
  5304 | D:6      | Noticed Thaneod's ghost (novice MiHu)
  5582 | D:6      | Reached skill level 8 in Maces & Flails
  6145 | D:7      | Noticed Pikel
  6155 | D:7      | Killed Pikel
  6155 | D:7      | Reached skill level 9 in Maces & Flails
  6325 | D:7      | Found a runed door.
  6455 | D:7      | Noticed a two-headed ogre
  6465 | D:7      | Killed a two-headed ogre
  6465 | D:7      | Reached XP level 10. HP: 55/80 MP: 16/16
  6886 | D:8      | Found a sacrificial altar of Ru.
  6906 | D:8      | Noticed a two-headed ogre
  6910 | D:8      | Killed a two-headed ogre
  6910 | D:8      | Reached skill level 10 in Maces & Flails
  6913 | D:8      | Reached *** piety under Cheibriados
  7208 | D:8      | Reached skill level 10 in Invocations
  7720 | D:9      | Reached **** piety under Cheibriados
  7721 | D:9      | Found a staircase to the Orcish Mines.
  7762 | D:9      | Noticed Erolcha
  7777 | D:9      | Reached skill level 11 in Maces & Flails
  7916 | D:9      | Noticed a two-headed ogre
  7943 | D:9      | Killed a two-headed ogre
  7943 | D:9      | Reached XP level 11. HP: 41/86 MP: 17/19
  8224 | D:9      | Noticed Psyche
  8244 | D:9      | Found a deep blue altar of Sif Muna.
  8327 | D:9      | Killed Psyche
  8374 | D:10     | Entered Level 10 of the Dungeon
  8374 | D:10     | Noticed Nergalle
  8381 | D:9      | Killed Nergalle
  8560 | D:10     | Reached skill level 12 in Maces & Flails
  8652 | D:10     | Noticed a two-headed ogre
  8659 | D:10     | Killed a two-headed ogre
  8659 | D:10     | Reached skill level 5 in Fighting
  8831 | D:10     | Reached ***** piety under Cheibriados
  8859 | D:10     | Noticed an unseen horror
  8864 | D:10     | Killed an unseen horror
  9086 | D:10     | Found a staircase to the Lair.
  9485 | D:11     | Found Irasti Haumi's Gadget Shop.
  9782 | D:11     | Noticed a deep elf mage
  9806 | D:11     | Killed a deep elf mage
 10543 | Lair:1   | Entered Level 1 of the Lair of Beasts
 10633 | Lair:1   | Found a labyrinth entrance.
 10642 | Lab      | Entered a labyrinth
 10735 | Lab      | Found an exit through the horrors of the Abyss.
 10755 | Lab      | Reached XP level 12. HP: 71/109 MP: 20/20
 10949 | Lab      | Reached skill level 13 in Maces & Flails
 11157 | Lab      | Noticed a minotaur
 11170 | Lab      | Slain by a minotaur

Vault maps used:
D:1:      minmay_arrival_four_houses
D:2:      nicolae_overflow_hidden_temple, lemuel_crystal_altar, minmay_tall_x,
          uniq_terence, uniq_robin
D:3:      led_xom_imps, lemuel_doored_altar, first_bread, serial_bayou_ford_a
D:4:      marbit_many_paths, kennysheep_slug_shrine,
          minmay_temple_entry_junction, kennysheep_windowed_goal, uniq_menkaure,
          uniq_grinder
D:5:      old_standard_altar, serial_shops, kennysheep_little_box
D:7:      uniq_crazy_yiuf_cottage, uniq_pikel
D:8:      nicolae_ru_path_of_blood, grunt_livestock
D:9:      kennysheep_mini, orc_0_dummy, uniq_psyche, uniq_erolcha
D:10:     david_lair_shrubbed, uniq_nergalle
D:11:     serial_shops, nicolae_shop_behind_doors
Lair:1:   lab_entry_generic, minivault_26, lemuel_fruit_fields,
          grunt_megastairs_1, lemuel_fruit_fields, lemuel_fruit_tree
Lab:      labyrinth_spiral, nicolae_lab_stuck, labyrinth_fake_exit,
          nicolae_lab_dead_end, nicolae_lab_t_cross, nicolae_lab_arrow,
          nicolae_lab_grate_2, lab_hedge, lab_statue, nicolae_lab_diamond,
          labyrinth_skeletal_remains, nicolae_lab_garden, nicolae_lab_do_over,
          nicolae_lab_flowing_pool, nicolae_lab_statue, nicolae_lab_quarters

Skill      XL: |  1  2  3  4  5  6  7  8  9 10 11 12 |
---------------+-------------------------------------+-----
Maces & Flails | 3 4 5 7 9 11 12 13 | 13.1
Stealth        | 1 3 4 5 |  5.8
Throwing       | 1 2 3 4 |  4.1
Invocations    | 2 5 9 11 | 11.0
Fighting       | 7 |  7.5
Armour         | |  0.7
Dodging        | |  1.5
Spellcasting   | |  2.0
Charms         | |  3.0

Action                   |  1- 3 |  4- 6 |  7- 9 | 10-12 || total
-------------------------+-------+-------+-------+-------++-------
Melee: Mace              |    97 |    96 |   120 |   333 ||   646
       Flail             |       |    97 |    28 |       ||   125
Throw: Javelin           |       |     7 |    10 |    13 ||    30
 Cast: Infusion          |     2 |     3 |       |       ||     5
Invok: Slouch            |       |       |       |     1 ||     1
 Abil: Spit Poison       |    22 |    41 |    21 |    33 ||   117
Evoke: Wand              |       |       |       |     6 ||     6
  Use: Scroll            |       |     6 |     5 |     7 ||    18
       Potion            |       |       |       |     4 ||     4
 Stab: Sleeping          |       |     3 |    13 |    14 ||    30
       Distracted        |       |       |     2 |       ||     2
  Eat: Chunk             |     2 |     3 |    10 |     9 ||    24
       Bread ration      |       |     1 |       |       ||     1
       Meat ration       |       |       |       |     1 ||     1
Armor: Leather armour    |    47 |    73 |    45 |   127 ||   292
Dodge: Dodged            |    68 |    75 |    72 |   157 ||   372

Table legend:
 A = Spawn XP
 B = Non-spawn XP
 C = Spawn XP percentage of total XP
 D = Spawn monster count
 E = Non-spawn monster count
 F = Spawn count percentage of total count
 G = Total turns spent on level
                    A         B        C        D         E        F      G
               +---------+---------+-------+---------+---------+-------+---------
         Total |       0 |   19930 |   0.0 |       0 |     283 |   0.0 | 11170
               +---------+---------+-------+---------+---------+-------+---------
           D:1 |       0 |      59 |   0.0 |       0 |      33 |   0.0 |  1377
           D:2 |       0 |     173 |   0.0 |       0 |      37 |   0.0 |  1130
           D:3 |       0 |     186 |   0.0 |       0 |      26 |   0.0 |   601
           D:4 |       0 |     550 |   0.0 |       0 |      13 |   0.0 |   863
           D:5 |       0 |    1122 |   0.0 |       0 |      21 |   0.0 |   777
           D:6 |       0 |     806 |   0.0 |       0 |      20 |   0.0 |  1114
           D:7 |       0 |    2201 |   0.0 |       0 |      15 |   0.0 |   986
           D:8 |       0 |    2821 |   0.0 |       0 |      24 |   0.0 |   869
           D:9 |       0 |    3956 |   0.0 |       0 |      26 |   0.0 |   715
          D:10 |       0 |    3835 |   0.0 |       0 |      39 |   0.0 |  1049
          D:11 |       0 |    1733 |   0.0 |       0 |      19 |   0.0 |  1062
        Lair:1 |       0 |     554 |   0.0 |       0 |       5 |   0.0 |    99
           Lab |       0 |    1934 |   0.0 |       0 |       5 |   0.0 |   528
               +---------+---------+-------+---------+---------+-------+---------
